 Dungeon Crawl Stone Soup version 0.27-a0-1347-gd8886f0a89 (webtiles) character file.

Game seed: 978880959754707518

17 Lanoc the Gusty (level 2, -6/15 HPs)
             Began as a Deep Elf Air Elementalist on June 27, 2021.
             Was a Follower of the Shining One.
             Killed by divine providence
             ... invoked by an orc priest
              (15 damage)
             ... on level 2 of the Dungeon.
             The game lasted 00:00:56 (909 turns).

Lanoc the Gusty (Deep Elf Air Elementalist)          Turns: 909, Time: 00:00:57

Health: -6/15      AC:  3    Str:  5    XL:     2   Next: 44%
Magic:  3/8        EV: 13    Int: 19    God:    the Shining One [*.....]
Gold:   70         SH:  0    Dex: 15    Spells: 6/7 levels left

rFire    . . .     SeeInvis .   (no weapon)
rCold    . . .     Faith    .   (no shield)
rNeg     . . .     Spirit   .   a - +0 robe
rPois    .         Reflect  .   (no helmet)
rElec    .         Harm     .   (no cloak)
rCorr    .         Rampage  .   d - +0 pair of gloves
Will     .....                  (no boots)
Stlth    +.........             (no amulet)
HPRegen  0.05/turn              (no ring)
MPRegen  0.11/turn              (no ring)

@: glowing
A: no striking features
a: Renounce Religion


You were on level 2 of the Dungeon.
You worshipped the Shining One.
The Shining One was aware of your devotion.
You visited 1 branch of the dungeon, and saw 2 of its levels.

You collected 70 gold pieces.

Inventory:

Armour
 a - a +0 robe (worn)
 d - a +0 pair of gloves (worn)
Scrolls
 b - a scroll of teleportation {unknown}
 c - 2 scrolls of amnesia {unknown}
Potions
 e - a potion of brilliance {unknown}
 f - a potion of attraction {unknown}


   Skills:
 + Level 2.9 Dodging
 - Level 2.4 Stealth
 - Level 3.0 Spellcasting
 - Level 1.1 Conjurations
 * Level 3.6 Air Magic


You had 6 spell levels left.
You knew the following spells:

 Your Spells              Type           Power      Damage    Failure   Level
a - Shock                 Conj/Air       44%        1d5       6%          1

Your spell library contained the following spells:

 Spells                   Type           Power      Damage    Failure   Level
 Static Discharge         Conj/Air       11%        N/A       9%          2
 Swiftness                Air            16%        N/A       11%         3
 Airstrike                Air            8%         N/A       34%         4
 Lightning Bolt           Conj/Air       5%         1d17      85%         5


Dungeon Overview and Level Annotations

Branches:
Dungeon (2/15)

Altars:
The Shining One


Message History

Casting: Shock (safe; 6% risk of failure)
Confirm with . or Enter, or press ? or * to list all spells.
You can't see any susceptible monsters within range! (Use Z to cast anyway.)
Casting: Shock (safe; 6% risk of failure)
Confirm with . or Enter, or press ? or * to list all spells.
You can't see any susceptible monsters within range! (Use Z to cast anyway.)
An orc is nearby!
Casting: Shock (safe; 6% risk of failure)
Confirm with . or Enter, or press ? or * to list all spells.
Aiming: Shock (safe; 6% risk of failure)
Press: ? - help, Shift-Dir - straight line, f/p - orc
Aim: an orc, wielding a +0 falchion and wearing a +0 leather armour (severely wounded, haloed, 79% to hit)
The zap hits the orc.
The orc is almost dead.
The zap hits the orc.
You kill the orc!
Casting: Shock (safe; 6% risk of failure)
Confirm with . or Enter, or press ? or * to list all spells.
You can't see any susceptible monsters within range! (Use Z to cast anyway.)
Casting: Shock (safe; 6% risk of failure)
Confirm with . or Enter, or press ? or * to list all spells.
You can't see any susceptible monsters within range! (Use Z to cast anyway.)
An orc priest comes into view. It is wielding a +0 club.
An orc priest is nearby!
Casting: Shock (safe; 6% risk of failure)
Confirm with . or Enter, or press ? or * to list all spells.
Aiming: Shock (safe; 6% risk of failure)
Press: ? - help, Shift-Dir - straight line, f - orc priest
Aim: an orc priest, wielding a +0 club (wandering, hasn't noticed you, 68% to hit)
The zap hits the orc priest.
The orc priest is moderately wounded.
The orc priest shouts!
The orc priest calls down the wrath of Beogh upon you.
Pain shoots through your body!
An orc priest comes into view. It is wielding a +0 hand axe.
The orc priest shouts!
The orc priest mumbles some strange prayers to Beogh against you.
Beogh smites you!
Ouch! That really hurt!
You die...

###################
...................
........)###)..####
..###.†@...o......#
####.###...##.# #.#
#.## # #.# .# #.#
o# #.# .# #o# #.#
#..


You could see 2 orc priests.

Vanquished Creatures
  2 dart slugs (D:1)
  An orc (D:2)
  An endoplasm (D:1)
  A goblin (D:1)
  A hobgoblin (D:1)
  A quokka (D:1)
  A ball python (D:1)
  A frilled lizard (D:1)
  4 rats
13 creatures vanquished.

Notes
Turn   | Place    | Note
-------+----------+-------------------------------------------
     0 | D:1      | Lanoc the Deep Elf Air Elementalist began the quest for the
                  | Orb.
     0 | D:1      | Reached XP level 1. HP: 10/10 MP: 6/6
   186 | D:1      | Found a faded altar of an unknown god.
   212 | D:1      | Became a worshipper of the Shining One
   212 | D:1      | Reached * piety under the Shining One
   348 | D:1      | Reached XP level 2. HP: 15/15 MP: 5/8
   909 | D:2      | Killed from afar by an orc priest

Illustrated notes

Levels and vault maps discovered:
D:1:      mrwooster_arrival_statue_2, layout_basic,
          chequers_ecumenical_altar_simple
D:2:      layout_loops_ring, minmay_pentomino_v4, uniq_terence

Action                   || total
-------------------------++-------
 Cast: Shock             ||    24
Dodge: Dodged            ||     2

Table legend: (Time is in decaauts)
 A = Elapsed time spent in this place.
 B = Non-inter-level travel time spent in this place.
 C = Inter-level travel time spent in this place.
 D = Time resting spent in this place.
 E = Time spent auto-exploring this place.
 F = Levels seen in this place.
 G = Mean time per level.
                   A        B        C        D        E       F      G
               +--------+--------+--------+--------+--------+-----+--------+
         Total |    908 |    889 |     19 |      0 |    823 |   2 |  454.0 |
       Dungeon |    908 |    889 |     19 |      0 |    823 |   2 |  454.0 |
               +--------+--------+--------+--------+--------+-----+--------+

Top non-repeatable levels by time:
     D:1: 869 daAuts
     D:2: 39 daAuts
